 Dungeon Crawl Stone Soup version 0.29.1-13-g9f3cf754e1 (webtiles) character file.

Game seed: 2596250477876069438

8 hawla the Chiller (level 2, -2/30 HPs)
             Began as a Meteoran Ice Elementalist on Feb 10, 2023.
             Killed from afar by a dart slug (5 damage)
             ... with a slug dart
             ... on level 3 of the Dungeon.
             The game lasted 00:02:30 (353 turns).

hawla the Chiller (Meteoran Ice Elementalist)        Turns: 353, Time: 00:02:31

Health: -2/30      AC: 21    Str:  9    XL:     2   Next: 29%
Magic:  7/7        EV: -1    Int: 16    God:
Gold:   3          SH:  0    Dex: 14    Spells: 6/7 levels left

rFire   . . .      SeeInvis .   (no weapon)
rCold   . . .      Faith    .   (no shield)
rNeg    . . .      Spirit   .   (body armour currently unavailable)
rPois   +          Reflect  .   (helmet currently unavailable)
rElec   .          Harm     .   (cloak currently unavailable)
rCorr   .          Rampage  .   (gloves currently unavailable)
Will    .....      NoTele   +   (boots currently unavailable)
Stlth   +.........              (no amulet)
HPRegen 0.10/turn               (no ring)
MPRegen 0.10/turn               (no ring)

@: tree-form, weak-willed, very slightly contaminated, glowing, constricted
A: stationary, stasis, torment immunity, boosted hp, sense surroundings 1,
otherworldly, glowing, explore regen
a: no special abilities


You were on level 3 of the Dungeon.
You were a tree.
You visited 1 branch of the dungeon, and saw 3 of its levels.

You collected 3 gold pieces.

Inventory:

Armour
 a - a +0 robe (melded)
Scrolls
 c - a scroll of silence
Potions
 f - a potion of haste


   Skills:
 + Level 2.4 Dodging
 - Level 1.4 Stealth
 + Level 3.1 Spellcasting
 + Level 4.6 Ice Magic


You had 6 spell levels left.
You knew the following spells:

 Your Spells              Type           Power      Damage    Failure   Level
a - Freeze                Ice            68%        1d8       2%          1

Your spell library contained the following spells:

 Spells                   Type           Power      Damage    Failure   Level
 Frozen Ramparts          Ice            34%        1d6       9%          3
 Ozocubu's Armour         Ice            17%        N/A       9%          3
 Hailstorm                Conj/Ice       9%         3d4       56%         4


Dungeon Overview and Level Annotations

Branches:
Dungeon (3/15) Zot: 1446

Altars:
Elyvilon


Innate Abilities, Weirdness & Mutations

You are a tree.
Your roots penetrate the ground, keeping you stationary.
You cannot be teleported.
You are immune to unholy pain and torment.
Your maximum health is greatly increased.
Your equipment is partially melded.
You passively map a small area around you.
You are easily found by Zot.
You glow in the dark.
You regain HP and MP as you explore.


Message History

Confirm with . or Enter, or press ? or * to list all spells.
Aiming: Freeze (safe; 2% risk of failure)
Press: ? - help, Shift-Dir - straight line, f/p - adder
Aim: an adder You freeze the adder.
The adder is lightly wounded.
The adder seems to slow down.
The adder bites you but does no damage. The dart slug launches a dart at you.
The slug dart hits you but does no damage.
The worm bites you but does no damage.
Unknown command.
Casting: Freeze (safe; 2% risk of failure)
Confirm with . or Enter, or press ? or * to list all spells.
Aiming: Freeze (safe; 2% risk of failure)
Press: ? - help, Shift-Dir - straight line, f/p - adder
Aim: an adder (lightly wounded, slow)
You freeze the adder.
The adder is lightly wounded.
The adder is no longer moving slowly.
The adder bites you but does no damage. The dart slug launches a dart at you.
The slug dart hits you but does no damage.
Casting: Freeze (safe; 2% risk of failure)
Confirm with . or Enter, or press ? or * to list all spells.
Aiming: Freeze (safe; 2% risk of failure)
Press: ? - help, Shift-Dir - straight line, f/p - adder
Aim: an adder (lightly wounded)
You freeze the adder!
The adder is severely wounded.
The adder seems to slow down.
The worm bites you.
* * * LOW HITPOINT WARNING * * *
The ball python bites you but does no damage.
The ball python grabs you. The ball python constricts you.
The adder bites you but does no damage.
The hobgoblin hits you but does no damage.
Magic courses through your body.
The ball python bites you but does no damage.
The ball python constricts you. The dart slug launches a dart at you.
The slug dart hits you.
You die...

,..≈.≈...≈.≈.. *
.##.≈.≈._.≈.≈..
...$≈.≈...≈.≈.. #.
*#..≈.......≈..
#.. #..≈.≈≈≈≈≈.≈[.
#..##..........w.#
#........SSw.....#
,
#.#......g♣......#
....#.........$.##
#................#
*.####..#.######.#
, ##...#...# #
#.##..#####.# * *
#.......#...# ,
######....######.#
#....<......# *


You could see a worm, an adder (slow), a dart slug, a hobgoblin and a ball
python.

Vanquished Creatures
  An orc (D:2)
  A giant cockroach (D:2)
  A goblin (D:3)
  A ball python (D:1)
  3 kobolds (D:2)
7 creatures vanquished.

Notes
Turn   | Place    | Note
-------+----------+-------------------------------------------
     0 | D:1      | hawla the Meteoran Ice Elementalist began the quest for the
                  | Orb.
     0 | D:1      | Reached XP level 1. HP: 14/14 MP: 5/5
   250 | D:2      | Reached XP level 2. HP: 15/20 MP: 4/7
   344 | D:3      | Found a white marble altar of Elyvilon.
   353 | D:3      | Killed from afar by a dart slug

Illustrated notes

Levels and vault maps discovered:
D:1:      giann_forest_graveyard, layout_basic, chequers_serial_rivers_micro_a,
          hangedman_abyss_or_decor_lesser_grid
D:2:      layout_basic, basic_ecumenical_altar, corexii_shack
D:3:      layout_loops_ring, mainiacjoe_overflow_cross_hatched,
          nicolae_overflow_hidden_temple, grunt_decor_arrowhead

Skill      XL: |  1 |
---------------+----+-----
Spellcasting   | 3 |  3.1
Dodging        | |  2.4
Stealth        | |  1.4
Ice Magic      | |  4.6

Action                   || total
-------------------------++-------
Melee: Unarmed           ||     1
 Cast: Freeze            ||    16
  Use: Scroll            ||     5
       Potion            ||     2
Armor: Robe              ||     3
       Skin              ||    11
Dodge: Dodged            ||     6
